 Dungeon Crawl Stone Soup version 0.25.0-26-g0c896c7088 (webtiles) character file.

Game seed: 10044068907535320053

119637 sanka the Gelid (level 16, -2/136 HPs)
             Began as a Barachi Ice Elementalist on June 29, 2020.
             Was the Champion of Vehumet.
             Engulfed by a cloud of freezing vapour (22 damage)
             ... in an ice cave on June 30, 2020.
             The game lasted 01:47:36 (34117 turns).

sanka the Gelid (Barachi Ice Elementalist)         Turns: 34117, Time: 01:47:37

Health: -2/136     AC: 18    Str: 13    XL:     16   Next: 80%
Magic:  34/34      EV: 23    Int: 33    God:    Vehumet [******]
Gold:   2090       SH:  0    Dex: 15    Spells: 16/43 levels left

rFire    . . .     SeeInvis .   a - +7 lajatang of the Tent {vorpal, rN+ Str+4}
rCold    . . .     Gourm    .   (shield currently unavailable)
rNeg     + . .     Faith    +   O - +5 steam dragon scales
rPois    .         Spirit   .   P - +0 helmet
rElec    .         Reflect  .   r - +2 cloak {rCorr}
rCorr    +         Harm     .   J - +2 pair of gloves
MR       +....                  x - +0 pair of boots
Stlth    ++........             I - amulet of faith
HPRegen  0.32/turn              T - +6 ring of intelligence
MPRegen  0.24/turn              y - +6 ring of intelligence

@: slow
A: +LOS, swims, slowness 1, strong legs 2
a: Hop, Renounce Religion


You were in an ice cave.
You worshipped Vehumet.
Vehumet was exalted by your worship.
You were near starving.

You visited 4 branches of the dungeon, and saw 24 of its levels.
You also visited: Ossuary, Bailey and Ice Cave.

You collected 3120 gold pieces.
You spent 1030 gold pieces at shops.


Innate Abilities, Weirdness & Mutations

You can be seen from farther away. (+LOS)
You can swim through water.
You cover ground slowly.
You can hop long distances.


   Skills:
 - Level 15.0 Fighting
 - Level 8.0 Staves
 - Level 15.0 Dodging
 - Level 1.7 Stealth
 + Level 14.4 Spellcasting
 - Level 3.0 Conjurations
 - Level 3.0 Summonings
 + Level 17.9 Ice Magic
 - Level 3.0 Air Magic


You had 16 spell levels left.
You knew the following spells:

 Your Spells              Type           Power        Failure   Level  Hunger
a - Ozocubu's Armour      Chrm/Ice       ######..     1%          3    None
u - Hailstorm             Conj/Ice       #######.     1%          4    None
x - Summon Ice Beast      Ice/Summ       #######.     1%          4    None
y - Frozen Ramparts       Ice            ######       0%          3    None
z - Freeze                Ice            ####         0%          1    None
C - Ozocubu's Refrigerat  Ice            #######...   1%          6    ###....
X - Freezing Cloud        Conj/Ice/Air   ######....   3%          6    ###....

Your spell library contained the following spells:

 Spells                   Type           Power        Failure   Level  Hunger
 Chain Lightning          Conj/Air       #####.....   100%        8    ######.
 Shatter                  Erth           ###.......   100%        9    #######
 Tornado                  Air            #####.....   100%        9    #######
 Apportation              Tloc           ###...       1%          1    None
 Magic Dart               Conj           ####         1%          1    None
 Shock                    Conj/Air       ####         1%          1    None
 Sting                    Tmut/Pois      ###.         1%          1    None
 Summon Butterflies       Summ           #####...     1%          1    None
 Call Imp                 Summ           #####...     1%          2    None
 Poisonous Vapours        Pois/Air       ####..       1%          2    None
 Swiftness                Chrm/Air       ####....     1%          2    None
 Conjure Flame            Conj/Fire      ####....     1%          3    None
 Ignite Poison            Fire/Tmut/Pois ###.....     1%          3    None
 Mephitic Cloud           Conj/Pois/Air  #####...     1%          3    None
 Static Discharge         Conj/Air       #####...     1%          3    None
 Airstrike                Air            #####.....   1%          4    None
 Ice Form                 Ice/Tmut       ######..     1%          4    None
 Metabolic Englaciation   Hex/Ice        ######....   1%          5    None
 Blink                    Tloc           N/A          2%          2    None
 Slow                     Hex            ###.....     2%          2    None
 Recall                   Summ/Tloc      N/A          3%          3    None
 Lightning Bolt           Conj/Air       #####.....   4%          5    None
 Lesser Beckoning         Tloc           ###.......   5%          3    None
 Tukima's Dance           Hex            ###.....     5%          3    None
 Olgreb's Toxic Radiance  Pois           ###.....     5%          4    None
 Irradiate                Conj/Tmut      ####......   7%          5    None
 Simulacrum               Ice/Necr       ######....   7%          6    ###....
 Aura of Abjuration       Summ           #####.....   14%         5    None
 Summon Demon             Summ           #####.....   14%         5    None
 Summon Forest            Summ/Tloc      ####......   26%         5    None
 Summon Mana Viper        Hex/Summ       ####....     26%         5    None
 Alistair's Intoxication  Tmut/Pois      ###.....     45%         5    None
 Shadow Creatures         Summ           N/A          63%         6    ###....
 Hydra Form               Tmut           ###.......   95%         6    ###....
 Invisibility             Hex            ###.....     95%         6    ###....
 Statue Form              Tmut/Erth      ###......    95%         6    ###....
 Dragon Form              Tmut           ###.......   100%        7    #####..

Inventory:

Hand Weapons
 a - the +7 lajatang of the Tent (weapon) {vorpal, rN+ Str+4}

   It inflicts extra damage upon your enemies.
   It affects your strength (+4).
   It protects you from negative energy.
Missiles
 j - 8 throwing nets {=f}
 l - 634 stones (quivered)
 L - 14 curare-tipped darts {=f}
Armour
 r - a +2 cloak of preservation (worn)
 x - a +0 pair of boots (worn)
 J - a +2 pair of gloves (worn)
 O - +5 steam dragon scales (worn)
 P - a +0 helmet (worn)
Jewellery
 t - an uncursed ring of ice
 y - a +6 ring of intelligence (right hand)
 I - an amulet of faith (around neck)
 M - an uncursed ring of stealth
 Q - an uncursed ring of ice
 T - a +6 ring of intelligence (left hand)
 Y - an uncursed ring of protection from fire
Wands
 d - a wand of enslavement (2)
 m - a wand of clouds (4)
 z - a wand of iceblast (6)
 K - a wand of polymorph (11)
 N - a wand of acid (26)
 R - a wand of paralysis (4)
 S - a wand of digging (11)
 Z - a wand of disintegration (42)
Scrolls
 e - 6 scrolls of fog
 g - 9 scrolls of fear
 i - a scroll of summoning
 n - 5 scrolls of magic mapping
 p - a scroll of enchant armour
 q - 6 scrolls of blinking
 u - 8 scrolls of enchant weapon
 w - a scroll of identify {@r1}
 A - 15 scrolls of remove curse
 C - 10 scrolls of teleportation {@r4}
Potions
 f - 4 potions of brilliance
 h - 9 potions of flight
 k - 9 potions of curing {@q1}
 s - 3 potions of berserk rage {!q}
 v - a potion of haste {@q3}
 B - 5 potions of heal wounds {@q2}
 E - 3 potions of magic
 F - 6 potions of stabbing
 G - a potion of resistance
 H - 3 potions of might
Miscellaneous
 b - a box of beasts
 D - a lightning rod (4/4)
 U - a phial of floods
Comestibles
 c - 50 rations

Dungeon Overview and Level Annotations

Branches:
Dungeon (15/15)            Temple (1/1) D:4            Lair (6/6) D:8
  Swamp (0/4) Lair:4       Spider (0/4) Lair:4        Slime (0/5) Lair:6
    Orc (2/2) D:10            Elf (0/3) Orc:2        Vaults (0/5) D:14
 Depths (0/5) D:15        Ossuary (visited)          Bailey (visited)
  IceCv (1/1)

Altars:
Ashenzari
Cheibriados
Dithmenos
Elyvilon
Fedhas
Gozag
Hepliaklqana
Kikubaaqudgha
Makhleb
Nemelex Xobeh
Okawaru
Qazlal
Ru
Sif Muna
Trog
Uskayaw
Vehumet
Wu Jian
Xom
Yredelemnul
Zin
The Shining One
Beogh
Jiyva

Shops:
D:6 (   D:10 =   D:12 *   Orc:1 = Orc:2

:(*[
▒▒#▒▒
▒▒§▒▒
▒#▒▒
▒.▒▒
▒▒§▒
▒▒.▒▒
▒☼▒▒
▒§▒☼
▒▒§▒
▒▒°.
▒§#▒
▒°▒
▒#☼▒
▒▒▒
▒#▒▒
▒ ▒F▒
▒▒▒


There were no monsters in sight!


Message History

You are engulfed in freezing vapours.
You are engulfed in freezing vapours.
You are engulfed in freezing vapours.
* * * LOW HITPOINT WARNING * * *
You are engulfed in freezing vapours.
* * * LOW HITPOINT WARNING * * *
You start resting.
You are near starving!
Unknown command.
You start resting.
HP restored.
Unknown command.
You are engulfed in freezing vapours.
You're standing in a cloud of freezing vapour!
You are engulfed in freezing vapours.
You are engulfed in freezing vapours.
You are engulfed in freezing vapours.
You are engulfed in freezing vapours.
You are engulfed in freezing vapours.
* * * LOW HITPOINT WARNING * * *
There is an ice covered gate leading back out of this place here.
You are engulfed in freezing vapours.
* * * LOW HITPOINT WARNING * * *
You are engulfed in freezing vapours.
* * * LOW HITPOINT WARNING * * *
Search for what [Enter for "."]? .
You are engulfed in freezing vapours.
* * * LOW HITPOINT WARNING * * *
You are engulfed in freezing vapours.
You die...

Action                   |  1- 3 |  4- 6 |  7- 9 | 10-12 | 13-15 | 16-18 || total
-------------------------+-------+-------+-------+-------+-------+-------++-------
Melee: Flail             |    20 |     7 |    63 |       |       |       ||    90
       Unarmed           |     5 |       |       |       |       |       ||     5
       Trident           |       |       |   216 |   170 |       |       ||   386
       Lajatang          |       |       |       |   208 |   921 |   311 ||  1440
Throw: Stone             |       |     1 |    31 |     1 |     4 |       ||    37
       Boomerang         |       |       |     3 |       |       |       ||     3
 Cast: Freeze            |    46 |    28 |    39 |   107 |    99 |     2 ||   321
       Frozen Ramparts   |     1 |     8 |    26 |    63 |    83 |    11 ||   192
       Ozocubu's Armour  |       |       |    31 |    53 |    99 |    23 ||   206
       Summon Ice Beast  |       |       |     2 |     9 |    21 |     5 ||    37
       Hailstorm         |       |       |       |     6 |    69 |    35 ||   110
       Freezing Cloud    |       |       |       |       |     9 |     1 ||    10
 Abil: Hop               |       |       |       |     1 |     5 |     2 ||     8
Evoke: Wand              |       |       |       |     5 |    15 |       ||    20
  Use: Scroll            |     3 |     3 |     7 |    17 |     6 |     3 ||    39
       Potion            |       |       |       |     1 |       |       ||     1
 Stab: Sleeping          |     2 |     1 |     1 |     2 |     4 |       ||    10
       Distracted        |       |       |       |     3 |     2 |       ||     5
       Paralysed         |       |       |       |       |     5 |       ||     5
  Eat: Chunk             |     3 |     5 |    12 |    25 |    44 |    10 ||    99
       Ration            |       |       |     2 |     3 |     2 |       ||     7
Armor: Robe              |    36 |     3 |    47 |       |       |       ||    86
       Steam dragon scal |       |       |     3 |   205 |   438 |   136 ||   782
Dodge: Dodged            |    64 |    16 |   150 |   520 |  1311 |   433 ||  2494

Levels and vault maps discovered:
D:1:      lemuel_arrival_funnel, layout_loops_ring,
          chequers_serial_rivers_room_b, minivault_19
D:2:      layout_basic, roderic_nine_men_s_morris, uniq_sigmund
D:3:      layout_rooms, minmay_misc_feat_room, kennysheep_another_room,
          chequers_decorated_corner, minmay_misc_feat_alley, uniq_jessica
D:4:      layout_cave_pools, minmay_temple_entry_nine_rooms, first_ration,
          uniq_ijyb
D:5:      layout_basic, minmay_joined_circles
D:6:      minmay_flawed_box, layout_loops_cross, lemuel_coloured_pillars_altar,
          nicolae_ossuary_entry_monument, serial_shops, shop,
          uniq_crazy_yiuf_cottage, uniq_maggie, uniq_prince_ribbit1,
          uniq_menkaure
D:7:      layout_cave_pods
D:8:      layout_basic, erik_lair_island, biasface_ghost_orc_armoury
D:9:      layout_cave_pods
D:10:     layout_basic, zombieorc1_lemuel, uniq_nergalle
D:11:     layout_loops_ring, uniq_harold
D:12:     layout_cave_pools, ebering_ghost_gozag, lightli_bailey_entry_fortress,
          uniq_erolcha
D:13:     lemuel_reptile_caves, layout_long_grid, basic_altar, grunt_livestock
D:14:     layout_rooms, grunt_vaults_entry_fortified, minmay_staircase_statues,
          elyvilon_altar_3
D:15:     hangedman_depths_entry_civil_slaughter, layout_rooms,
          portal_ice_cave_entry_ice_beasts, grunt_decor_cap, uniq_azrael
Temple:   compressed_dpeg_triangle_lava_temple
Lair:1:   layout_gridlike, gammafunk_ghost_hive
Lair:2:   layout_gridlike, special_room [special_room_bee], grunt_megastairs_3
Lair:3:   layout_big_grid, serial_bayou_pond_b, serial_bayou_shore_b,
          lemuel_fruit_fields, serial_bayou_shore_b, minmay_lair_oklob_chamber,
          uniq_urug, uniq_snorg
Lair:4:   layout_regular_city, minmay_swamp_entry_reptiles, dummy_spider_entry,
          patterned_corridor, grunt_megastairs_1
Lair:5:   layout_regular_city
Lair:6:   grunt_lair_end_beastmaster, layout_regular_city,
          dpeg_slime_entry_enclosed_altar, basic_altar, serial_bayou_pond_b,
          lemuel_fruit_tree, infiniplex_staircase_pool_2, uniq_nessos,
          uniq_sonja
Orc:1:    layout_diamond_mine, serial_shops, shop, mines2_david, uniq_josephine
Orc:2:    grunt_orc_gardens, layout_caves, grunt_orc_garden, grunt_orc_garden,
          grunt_orc_garden, grunt_orc_garden
IceCv:    ice_cave_caverns_02

Notes
Turn   | Place    | Note
-------+----------+-------------------------------------------
     0 | D:1      | sanka the Barachi Ice Elementalist began the quest for the
                  | Orb.
     0 | D:1      | Reached XP level 1. HP: 13/13 MP: 3/3
    37 | D:1      | Reached skill level 5 in Ice Magic
    37 | D:1      | Reached XP level 2. HP: 15/19 MP: 0/5
   556 | D:1      | Reached XP level 3. HP: 24/24 MP: 4/7
   603 | D:1      | Reached skill level 3 in Spellcasting
  1394 | D:1      | Learned a level 3 spell: Frozen Ramparts
  1398 | D:1      | Learned a level 3 spell: Ozocubu's Armour
  1498 | D:2      | Reached skill level 6 in Ice Magic
  1818 | D:2      | Noticed Sigmund
  1825 | D:2      | Killed Sigmund
  1825 | D:2      | Reached skill level 8 in Ice Magic
  1825 | D:2      | Reached XP level 4. HP: 30/30 MP: 3/8
  1825 | D:2      | Reached XP level 5. HP: 35/35 MP: 3/9
  2123 | D:3      | Reached XP level 6. HP: 37/41 MP: 4/10
  2223 | D:3      | Learned a level 4 spell: Summon Ice Beast
  2412 | D:3      | Noticed Jessica
  2415 | D:3      | Killed Jessica
  3227 | D:4      | Reached skill level 4 in Spellcasting
  3227 | D:4      | Reached skill level 9 in Ice Magic
  3227 | D:4      | Reached XP level 7. HP: 46/46 MP: 6/13
  3350 | D:4      | Got an obsidian-encrusted leather armour
  3361 | D:4      | Identified the cursed +0 leather armour "Mixeah" {Harm
                  | Dex+4} (You found it on level 4 of the Dungeon)
  3854 | D:4      | Noticed Ijyb
  3865 | D:4      | Killed Ijyb
  3951 | D:4      | Found a staircase to the Ecumenical Temple.
  3958 | Temple   | Entered the Ecumenical Temple
  4277 | D:4      | Reached skill level 5 in Spellcasting
  4286 | D:4      | Learned a level 4 spell: Hailstorm
  4766 | D:5      | Entered Level 5 of the Dungeon
  4769 | D:5      | Got a jewelled trident
  4770 | D:5      | Identified the +3 trident of Charity {flame, +Blink Dex+4}
                  | (You found it on level 5 of the Dungeon)
  4811 | D:5      | Reached skill level 1 in Fighting
  4811 | D:5      | Reached XP level 8. HP: 36/54 MP: 15/15
  4919 | D:5      | Reached skill level 1 in Summonings
  5208 | D:5      | Reached skill level 2 in Fighting
  5208 | D:5      | Reached skill level 3 in Dodging
  5208 | D:5      | Reached skill level 10 in Ice Magic
  5251 | D:5      | Reached skill level 3 in Fighting
  5536 | D:5      | Reached skill level 2 in Summonings
  5584 | D:5      | Reached skill level 4 in Dodging
  5662 | D:5      | Reached skill level 4 in Fighting
  6012 | D:6      | Found a sand-covered staircase.
  6064 | Ossuary  | Entered an ossuary
  6349 | Ossuary  | Reached skill level 3 in Summonings
  6476 | Ossuary  | Reached XP level 9. HP: 60/67 MP: 13/16
  6663 | Ossuary  | Reached skill level 5 in Dodging
  6839 | D:6      | Reached skill level 5 in Fighting
  6909 | D:6      | Noticed Prince Ribbit
  6916 | D:6      | Killed Prince Ribbit
  6983 | D:6      | Found Ecya's Antique Weapon Emporium.
  7001 | D:6      | Reached skill level 6 in Fighting
  7122 | D:6      | Reached skill level 6 in Dodging
  7399 | D:6      | Noticed Menkaure
  7405 | D:6      | Killed Menkaure
  7690 | D:6      | Identified +0 steam dragon scales
  7690 | D:6      | Noticed Maggie
  7703 | D:6      | Killed Maggie
  7703 | D:6      | Reached skill level 1 in Conjurations
  7884 | D:6      | Found a runed translucent door.
  7885 | D:6      | Noticed Crazy Yiuf
  7966 | D:6      | Found a radiant altar of Vehumet.
  7976 | D:6      | Became a worshipper of Vehumet
  8045 | D:6      | Killed Crazy Yiuf
  8107 | D:7      | Reached skill level 7 in Fighting
  8184 | D:7      | Reached skill level 2 in Conjurations
  8184 | D:7      | Reached skill level 11 in Ice Magic
  8275 | D:7      | Reached skill level 7 in Dodging
  8285 | D:7      | Reached XP level 10. HP: 47/79 MP: 6/18
  8482 | D:7      | Reached * piety under Vehumet
  8482 | D:7      | Offered knowledge of Sandblast by Vehumet.
  8944 | D:7      | Reached skill level 8 in Fighting
  9050 | D:7      | Reached skill level 3 in Conjurations
  9330 | D:8      | Offered knowledge of Searing Ray by Vehumet.
  9338 | D:8      | Reached ** piety under Vehumet
  9357 | D:8      | Reached skill level 8 in Dodging
  9607 | D:7      | Upgraded the game from 0.25.0-15-gac7dcb8919 to
                  | 0.25.0-26-g0c896c7088
  9747 | D:8      | Reached skill level 6 in Spellcasting
  9835 | D:8      | Offered knowledge of Mephitic Cloud by Vehumet.
  9835 | D:8      | Reached skill level 9 in Fighting
  9843 | D:8      | Reached *** piety under Vehumet
 10033 | D:8      | Found a staircase to the Lair.
 10585 | D:8      | Found a runed translucent gate.
 10585 | D:8      | Found a runed translucent gate.
 10586 | D:8      | Found a roughly hewn altar of Beogh.
 10586 | D:8      | Found a runed translucent gate.
 10587 | D:8      | Noticed Enish's ghost (novice DDFi)
 10593 | D:8      | Identified the +6 trident of Konytsa {freeze, rPois}
 10602 | D:8      | Noticed a two-headed ogre
 10612 | D:8      | Killed a two-headed ogre
 10612 | D:8      | Reached skill level 9 in Dodging
 10612 | D:8      | Reached XP level 11. HP: 88/90 MP: 9/20
 10897 | D:8      | Killed Enish's ghost
 10897 | D:8      | Reached skill level 10 in Fighting
 11069 | D:9      | Offered knowledge of Stone Arrow by Vehumet.
 11315 | D:9      | Reached skill level 12 in Ice Magic
 11508 | D:9      | Reached **** piety under Vehumet
 12156 | D:10     | Entered Level 10 of the Dungeon
 12197 | D:10     | Noticed Nergalle
 12211 | D:10     | Reached skill level 7 in Spellcasting
 12214 | D:10     | Offered knowledge of Irradiate by Vehumet.
 12217 | D:10     | Killed Nergalle
 12217 | D:10     | Reached skill level 10 in Dodging
 12325 | D:10     | Got a jewelled lajatang
 12326 | D:10     | Identified the +7 lajatang of the Tent {vorpal, rN+ Str+4}
                  | (You found it on level 10 of the Dungeon)
 12388 | D:10     | Reached skill level 1 in Staves
 12496 | D:10     | Reached skill level 2 in Staves
 12893 | D:10     | Found a staircase to the Orcish Mines.
 12987 | D:10     | Reached ***** piety under Vehumet
 12991 | D:10     | Offered knowledge of Iron Shot by Vehumet.
 13105 | D:10     | Noticed a red ugly thing
 13122 | D:10     | Killed a red ugly thing
 13122 | D:10     | Reached skill level 11 in Fighting
 13122 | D:10     | Reached skill level 3 in Staves
 13421 | D:10     | Reached skill level 4 in Staves
 13838 | D:10     | Killed an unseen horror
 13838 | D:10     | Reached XP level 12. HP: 69/100 MP: 16/23
 14111 | D:11     | Noticed Harold
 14118 | D:11     | Killed Harold
 14118 | D:11     | Reached skill level 5 in Staves
 14118 | D:11     | Reached skill level 8 in Spellcasting
 14336 | D:11     | Reached skill level 6 in Staves
 14414 | D:11     | Reached skill level 11 in Dodging
 14921 | D:11     | Reached skill level 7 in Staves
 15033 | Lair:1   | Entered Level 1 of the Lair of Beasts
 15136 | Lair:1   | Noticed Matador8's ghost (journeyman DrCj)
 15284 | Lair:1   | Found the +2 shield of Resistance {rF+ rC+ MR+}
 15309 | Lair:1   | Found a transporter.
 15316 | Lair:1   | Found a transporter.
 15741 | Lair:1   | Reached skill level 12 in Fighting
 15749 | Lair:1   | Offered knowledge of Freezing Cloud by Vehumet.
 15788 | Lair:1   | Killed Matador8's ghost
 16083 | Lair:2   | Noticed an eight-headed hydra
 16084 | Lair:2   | Reached skill level 8 in Staves
 16094 | Lair:2   | Killed an eight-headed hydra
 16623 | Lair:2   | Reached skill level 12 in Dodging
 16714 | Lair:2   | Gained mutation: You can hop long distances. [Barachi
                  | growth]
 16714 | Lair:2   | Reached XP level 13. HP: 106/109 MP: 14/25
 16729 | Lair:2   | Reached skill level 13 in Fighting
 17170 | Lair:2   | Learned a level 6 spell: Freezing Cloud
 17189 | Lair:3   | Reached skill level 1 in Air Magic
 17484 | Lair:3   | Noticed Snorg
 17498 | Lair:3   | Killed Snorg
 17622 | Lair:3   | Reached skill level 2 in Air Magic
 17875 | Lair:3   | Noticed Urug
 17902 | Lair:3   | Killed Urug
 18201 | Lair:3   | Reached skill level 3 in Air Magic
 18478 | Lair:4   | Offered knowledge of Starburst by Vehumet.
 18483 | Lair:4   | Reached ****** piety under Vehumet
 19207 | Lair:4   | Found a staircase to the Swamp.
 19216 | Lair:4   | Reached skill level 13 in Dodging
 19224 | Lair:4   | Reached skill level 9 in Spellcasting
 19412 | Lair:4   | Found a hole to the Spider Nest.
 20160 | Lair:5   | Reached skill level 14 in Fighting
 20206 | Lair:5   | Reached skill level 13 in Ice Magic
 20308 | Lair:6   | Entered Level 6 of the Lair of Beasts
 20345 | Lair:6   | Reached XP level 14. HP: 120/120 MP: 27/27
 20400 | Lair:6   | Offered knowledge of Yara's Violent Unravelling by Vehumet.
 20472 | Lair:6   | Noticed Sonja
 20489 | Lair:6   | Killed Sonja
 20766 | Lair:6   | Noticed Nessos
 20791 | Lair:6   | Killed Nessos
 21216 | Lair:6   | Reached skill level 10 in Spellcasting
 21568 | Lair:6   | Found a shattered altar of Ashenzari.
 21632 | Lair:6   | Found a viscous altar of Jiyva.
 21633 | Lair:6   | Found a staircase to the Slime Pits.
 22204 | Lair:5   | Reached skill level 14 in Dodging
 23072 | Orc:1    | Entered Level 1 of the Orcish Mines
 23072 | Orc:1    | Found Poel's Jewellery Shoppe.
 23086 | D:10     | Paralysed by fainting for 8 turns
 23225 | Orc:1    | Reached skill level 15 in Fighting
 23230 | Orc:1    | Reached skill level 14 in Ice Magic
 23312 | Orc:1    | Offered knowledge of Conjure Ball Lightning by Vehumet.
 23609 | Orc:2    | Entered Level 2 of the Orcish Mines
 23609 | Orc:2    | Found a staircase to the Elven Halls.
 23665 | Orc:2    | Noticed an orc warlord
 23680 | Orc:2    | Killed an orc warlord
 24107 | Orc:2    | Found Cetovex's Antique Armour Boutique.
 24337 | Orc:2    | Offered knowledge of Bolt of Magma by Vehumet.
 24338 | Orc:2    | Noticed an orc warlord
 24339 | Orc:2    | Reached XP level 15. HP: 125/129 MP: 23/29
 24351 | Orc:2    | Reached skill level 11 in Spellcasting
 24359 | Orc:2    | Killed an orc warlord
 24837 | Orc:2    | Found Vykoiki's Book Boutique.
 24842 | Orc:2    | Found Isula's Antique Weapon Boutique.
 24966 | Orc:2    | Found Coleb's General Store.
 25201 | Orc:2    | Paralysed by an orc sorcerer for 4 turns
 25567 | Orc:1    | Found a roughly hewn altar of Beogh.
 25568 | Orc:1    | Noticed Josephine
 25577 | Orc:1    | Killed Josephine
 25887 | Orc:2    | Bought a book of Ice for 715 gold pieces
 25894 | Orc:2    | Learned a level 6 spell: Ozocubu's Refrigeration
 26060 | Orc:2    | Bought an ebony morningstar for 315 gold pieces
 26060 | Orc:2    | Identified the +7 morningstar of the Rat {protect, *Noise
                  | rF++ Stlth+} (You bought it in a shop on level 2 of the
                  | Orcish Mines)
 26238 | D:12     | Found a flagged portal.
 26261 | Bailey   | Entered a bailey
 26385 | Bailey   | Offered knowledge of Lehudib's Crystal Spear by Vehumet.
 26447 | Bailey   | Found a bloodstained altar of Trog.
 26782 | D:12     | Reached skill level 15 in Ice Magic
 26946 | D:12     | Noticed Erolcha
 26959 | D:12     | Killed Erolcha
 27102 | D:12     | Reached skill level 15 in Dodging
 27138 | D:12     | Found a runed translucent gate.
 27249 | D:12     | Found a runed translucent gate.
 27255 | D:12     | Found a runed translucent gate.
 27255 | D:12     | Found an opulent altar of Gozag.
 27258 | D:12     | Noticed ioannis32's ghost (journeyman DsBe)
 27261 | D:12     | Found Loadeu's Assorted Antiques.
 28274 | D:13     | Reached skill level 12 in Spellcasting
 28362 | D:13     | Offered knowledge of Shatter by Vehumet.
 28362 | D:13     | Offered knowledge of Chain Lightning by Vehumet.
 28362 | D:13     | Offered knowledge of Tornado by Vehumet.
 28795 | D:13     | Found a shimmering blue altar of Sif Muna.
 29756 | D:12     | Killed ioannis32's ghost
 29983 | D:14     | Reached skill level 16 in Ice Magic
 30685 | D:14     | Reached XP level 16. HP: 107/136 MP: 32/32
 30695 | D:14     | Found a white marble altar of Elyvilon.
 31015 | D:14     | Reached skill level 13 in Spellcasting
 31283 | D:14     | Found a gate to the Vaults.
 31482 | D:15     | Entered Level 15 of the Dungeon
 31506 | D:15     | Reached skill level 17 in Ice Magic
 31978 | D:15     | Found a frozen archway.
 32045 | D:15     | Reached skill level 14 in Spellcasting
 32073 | IceCv    | Entered an ice cave
 34117 | IceCv    | Engulfed by a cloud of freezing vapour

Vanquished Creatures
  A frost giant (IceCv)
  An orc warlord (Orc:2)
  Nessos (Lair:6)
  An ettin (D:15)
  The ghost of ioannis32 the Protected, a journeyman DsBe of Trog (D:12)
  Josephine (Orc:1)
  A fire dragon (D:14)
  The ghost of Matador8 the Fighter, a journeyman DrCj of Zin (Lair:1)
  4 hydras
  Erolcha (D:12)
  5 vault guards (D:14)
  Harold (D:11)
  A catoblepas (Lair:6)
  3 centaur warriors
  2 death knights
  4 two-headed ogres
  A deep troll shaman (Lair:6)
  An ogre mage (D:14)
  7 death yaks
  2 orc high priests (Orc:2)
  3 tengu warriors
  The ghost of Enish the Blocker, a novice DDFi of Makhleb (D:8)
  Urug (Lair:3)
  Sonja (Lair:6)
  3 skeletal warriors
  Nergalle (D:10)
  4 unseen horrors
  An obsidian statue (D:12)
  2 wizards
  2 deep elf archers
  A lindwurm (Lair:6)
  6 orc knights
  2 phantasmal warriors
  3 deep elf magi (D:12)
  5 orc sorcerers
  4 manticores
  4 cyclopes
  3 ugly things
  2 oklob plants (Lair:3)
  8 elephants
  4 black mambas
  A black mamba (shapeshifter) (D:11)
  An ice statue (IceCv)
  A gargoyle (D:13)
  7 spiny frogs
  6 rime drakes
  Maggie (D:6)
  6 yaktaurs (D:15)
  6 komodo dragons
  5 freezing wraiths
  A tengu conjurer (D:13)
  A meliai (Lair:1)
  A harpy skeleton (D:15)
  Prince Ribbit (D:6)
  3 hornets
  2 queen bees
  15 trolls
  13 polar bears
  5 blink frogs
  5 slime creatures
  4 hippogriffs
  Sigmund (D:2)
  2 shadows (D:12)
  A water elemental (D:13)
  10 wraiths
  3 humans
  62 yaks
  2 hogs (D:13)
  A basilisk (Lair:2)
  6 wyverns
  2 hungry ghosts (D:10)
  5 vampire mosquitoes
  4 wargs
  An acid dragon (D:15)
  12 water moccasins
  5 porcupines
  A black bear (shapeshifter) (D:11)
  38 orc warriors
  An eye of draining (D:13)
  11 ice beasts
  3 sky beasts
  3 black bears
  A hornet zombie (D:11)
  A necrophage (D:13)
  14 ogres
  9 phantoms
  9 centaurs
  40 wolves
  24 crocodiles
  19 bullfrogs
  2 big kobolds
  3 wyvern zombies
  4 scorpions
  2 wyvern skeletons
  46 killer bees
  2 troll zombies (D:10)
  13 wights
  11 howler monkeys
  5 electric eels
  10 crimson imps
  A bullfrog zombie (D:13)
  4 centaur zombies
  12 hounds
  37 orc wizards
  27 orc priests
  8 centaur skeletons
  A gnoll shaman (D:5)
  Crazy Yiuf (D:6)
  Jessica (D:3)
  4 bullfrog skeletons
  Ijyb (D:4)
  8 iguanas
  10 worker ants
  7 hell rats (Lair:3)
  4 ogre zombies (D:10)
  A hound zombie (D:5)
  A hound skeleton (D:10)
  12 mummies (Ossuary)
  A worker ant zombie (D:10)
  A howler monkey skeleton (D:8)
  6 adders
  15 gnolls
  3 shadow imps
  An adder zombie (D:8)
  2 oozes
  An adder skeleton (D:7)
  3 dart slugs
  9 leopard geckos
  102 orcs
  8 bats
  3 giant cockroaches
  13 goblins
  5 hobgoblins
  13 jackals
  6 quokkas
  13 frilled lizards
  A gnoll skeleton (Ossuary)
  4 goblin skeletons (Ossuary)
  2 goblin zombies (D:10)
  A hobgoblin skeleton (D:10)
  A hobgoblin zombie (D:10)
  23 kobolds
  2 kobold skeletons (Ossuary)
  2 leopard gecko skeletons
  5 orc skeletons
  10 orc zombies (D:10)
  7 rats
  11 rat skeletons (Ossuary)
  7 fungi
  4 plants
1000 creatures vanquished.

Vanquished Creatures (collateral kills)
  An orc warlord (Orc:2)
  Snorg (Lair:3)
  3 hydras
  A death knight (D:13)
  An oklob plant (Lair:3)
  2 trolls (D:10)
  A hornet (Lair:1)
  A hippogriff (D:8)
  A wraith (D:15)
  5 yaks
  Menkaure (D:6)
  A warg (Orc:2)
  A water moccasin (Lair:2)
  A black bear (Lair:3)
  A necrophage (D:7)
  A phantom (D:10)
  2 crocodiles
  A killer bee (Lair:1)
  A hound (D:8)
  An orc wizard (D:8)
  An orc zombie (D:10)
  2 plants
31 creatures vanquished.

Vanquished Creatures (others)
  A hydra (D:15)
  2 yaktaurs (D:15)
  A polar bear (IceCv)
  2 yaks (IceCv)
  3 wolves (IceCv)
  2 orcs (D:12)
  A jackal (D:8)
  12 fungi
  3 plants (Lair:6)
27 creatures vanquished.

Grand Total: 1058 creatures vanquished
